Gerg, neutral male gnomish Wizard ----- -- --... --*-- ---....- | -- |...| |......--- . - --- ---.... ---G@| ----......... --.- |............................h.| --...........- ... | ----. -- -----.| |............| ...- -- |.| ..........-- ...- |.| |.........------... |.| --..........||... |.| |...........--.- |.| --.............-- |.| |.....----<^.-.--- #.--- --.----- --.......---- |...-- --..-- |...........| |....-----....------.--.......-- ---....................|-..---.-- |..b.....---.|.---------..-- -- |........| ----- |...| --.|.|.--- |..-- ------- --- Gerg the Evoker Experience level: 1 Strength: 14 Dexterity: 12 Constitution: 12 Intelligence: 19 Wisdom: 7 Charisma: 10 Health: 0(11) Energy: 7(7) Def: 1 Gold: 83 Moves: 926 Dungeon seed: I_GnBhcZiOm_HE4W Game ID: Gerg_1514353263 Your Inventory: Coins $ - 83 gold pieces Weapons a - a blessed +1 quarterstaff (weapon in hands) Armor e - an uncursed +0 cloak of magic resistance (being worn) Comestibles r - an uncursed sprig of wolfsbane Scrolls i - 2 uncursed scrolls of enchant weapon j - an uncursed scroll of identify n - an uncursed scroll of fire p - a cursed scroll of confuse monster q - an uncursed scroll of scare monster Spellbooks k - a blessed spellbook of force bolt l - an uncursed spellbook of protection o - an uncursed spellbook of magic missile Potions f - an uncursed potion of gain energy g - an uncursed potion of invisibility h - an uncursed potion of extra healing Rings c - an uncursed ring of cold resistance d - an uncursed ring of conflict Wands b - a wand of digging (0:6) m - a wand of undead turning (0:6) Spells and supernatural/magical abilities: Name Level Category Fail Memory a - force bolt 1 attack 0% 96% p - protection 1 clerical 0% 96% W - pray for help -- divine ? -- Your skills at the end: Fighting Skills Weapon Skills quarterstaff [Basic] Spellcasting Skills attack spells [Basic] enchantment spells [Basic] Final Attributes: You were nominally aligned. You were magic-protected. You had infravision. You were levitating. You are dead. Vanquished creatures: 4 jackals a sewer rat 6 grid bugs a lichen 5 newts 17 creatures vanquished. Voluntary challenges: You were an atheist. You used a wielded weapon 18 times, starting on turn 15. You read items or engraved 1 time, starting on turn 35. You never genocided any monsters. You never polymorphed an object. You never changed form. You used no wishes. You never split a pudding. You never wrote Elbereth's name. You never violated your personal moral code. Dungeon overview: The Dungeons of Doom: levels 1 to 2 Level 1 an altar to Anhur, a fountain a long staircase Level 2 a bookstore, an altar to Anhur stairs to The Gnomish Mines The Gnomish Mines: Level 3 <- You were here stairs to The Dungeons of Doom History has recorded: On T:1 you entered the Dungeons of Doom to retrieve the Amulet of Yendor! On T:427 you reached level 2 of The Dungeons of Doom. On T:787 you reached level 1 of The Gnomish Mines. Score breakdown: Gold: 83 ( 6545 points) Experience: 1 level ( 0 points) Exploration: 3 levels ( 5.88%) ( 6000 points) Discoveries: 1 item ( 0.35%) ( 1767 points) Valuables value: (no points given unless you survive) Artifact value: 0 ( 0 points) Variety of kills: 5 monsters ( 1.31%) ( 3436 points) Turncount: 926 turns ( 0 points) Survival: died (score multiplied by 80%) Total score: 14198 Latest messages: Never mind. You hear rumbling in the distance. You see here a smoky potion. v - a smoky potion. You start to float in the air! You are beginning to feel hungry. Blecch! Rotten food! The world spins and goes dark. You come to. You resume your meal. You finish eating the food ration. The dwarf wields a broad pick! (2x) You hear crashing rock. (2x) The hobbit wields a runed dagger! The hobbit thrusts her runed dagger. The hobbit hits! The hobbit thrusts her runed dagger. The hobbit hits! You die... Final status: Goodbye Gerg the Wizard, killed by a hobbit... You died in The Gnomish Mines on dungeon level 3 with 14198 points, and 83 pieces of gold, after 926 moves. You were level 1 with a maximum of 11 hit points when you died.